 Dungeon Crawl Stone Soup version 0.29.1-1-gd02db6906a (webtiles) character file.

Game seed: 16100986536669472299

8866 MisterFreud the Cruncher (level 11, -7/90 HPs)
             Began as a Formicid Gladiator on Oct 5, 2022.
             Was a Follower of Yredelemnul.
             Killed from afar by an acid dragon (18 damage)
             ... with a splash of acid
             ... on level 9 of the Dungeon.
             The game lasted 00:13:09 (11503 turns).

MisterFreud the Cruncher (Formicid Gladiator)      Turns: 11503, Time: 00:13:09

Health: -7/90      AC:  2    Str: 24    XL:     11   Next: 63%
Magic:  0/11       EV: 13    Int:  6    God:    Yredelemnul [*.....]
Gold:   578        SH:  7    Dex: 21    Spells: 10/10 levels left

rFire   . . .      SeeInvis +   u - +7 quarterstaff (chaos)
rCold   . . .      Faith    .   z - +0 buckler
rNeg    + . .      Spirit   +   j - +2 robe "Misoeguo" {Dex+4 Slay+3}
rPois   .          Reflect  .   (helmet unavailable)
rElec   .          Harm     .   v - +0 cloak
rCorr   .          Rampage  .   (no gloves)
Will    ++...                   l - +0 pair of boots
Stlth   ++........              e - amulet "Arraorejech" {Spirit rN+ Str+4 Int-3}
HPRegen 0.25/turn               w - ring of willpower
MPRegen 0.12/turn               (no ring)

@: corroded
A: permanent stasis, dig shafts and tunnels, antennae 3, four strong arms
a: Dig, Shaft Self, Renounce Religion, Recall Undead Harvest


You were on level 9 of the Dungeon.
You worshipped Yredelemnul.
Yredelemnul was noncommittal.
You visited 2 branches of the dungeon, and saw 11 of its levels.

You collected 578 gold pieces.

Inventory:

Hand Weapons
 a - a +0 quarterstaff
 u - a +7 quarterstaff of chaos (weapon)
Missiles
 c - 7 throwing nets (quivered)
 d - 5 javelins
 i - 8 boomerangs
Armour
 b - a +0 leather armour
 j - the +2 robe "Misoeguo" (worn) {Dex+4 Slay+3}
   (You found it on level 4 of the Dungeon)

   Dex:       It affects your dexterity (+4).
   Slay:      It affects your accuracy & damage with ranged weapons and melee
   (+3).
 l - a +0 pair of boots (worn)
 v - a +0 cloak (worn)
 z - a +0 buckler (worn)
Jewellery
 e - the amulet "Arraorejech" (around neck) {Spirit rN+ Str+4 Int-3}
   (You acquired it on level 4 of the Dungeon)

   [amulet of guardian spirit]

   It causes incoming damage to be divided between your reserves of health and
   magic.
   Str:       It affects your strength (+4).
   Int:       It affects your intelligence (-3).
   rN:        It protects you from negative energy.
 w - a ring of willpower (left hand)
 x - a +6 ring of strength
Wands
 n - a wand of quicksilver (12)
 t - a wand of mindburst (12)
Scrolls
 y - a scroll of magic mapping
 A - a scroll of identify
 B - a scroll of amnesia {unknown}
 C - 2 scrolls of enchant armour {unknown}
Potions
 f - 2 potions of invisibility
 g - 3 potions of heal wounds
 h - 4 potions of lignification
 k - 5 potions of attraction
 m - a potion of ambrosia
 o - a potion of resistance
 p - a potion of cancellation
 q - a potion of might
 r - 3 potions of curing
 s - 2 potions of flight
 D - a potion of brilliance {unknown}


   Skills:
 - Level 10.0 Fighting
 + Level 11.4 Staves
 - Level 2.1 Throwing
 - Level 5.0 Armour
 - Level 2.8 Dodging
 - Level 10.0 Shields
 - Level 5.0 Evocations


You had 10 spell levels left.
You didn't know any spells.
Your spell library contained the following spells:

 Spells                   Type           Power      Damage    Failure   Level
 Ensorcelled Hibernation  Hex/Ice        0%         N/A       65%         2
 Passwall                 Tmut/Erth      0%         N/A       65%         2
 Sublimation of Blood     Necr           0%         N/A       65%         2
 Wereblood                Tmut           0%         N/A       65%         2
 Ozocubu's Armour         Ice            0%         N/A       86%         3
 Anguish                  Hex/Necr       0%         N/A       99%         4
 Summon Forest            Summ/Tloc      0%         N/A       100%        5
 Summon Mana Viper        Hex/Summ       0%         N/A       100%        5
 Summon Cactus Giant      Summ           0%         N/A       100%        6
 Enfeeble                 Hex            0%         N/A       100%        7
 Ozocubu's Refrigeration  Ice            0%         4d7       100%        7
 Summon Hydra             Summ           0%         N/A       100%        7
 Swiftness                Air            Unusable   N/A       N/A         3

Dungeon Overview and Level Annotations

Branches:
Dungeon (10/15)            Temple (1/1) D:6
   Lair: D:8-11         Orc: D:9-12

Altars:
Cheibriados
Dithmenos
Elyvilon
Fedhas
Hepliaklqana
Kikubaaqudgha
Nemelex Xobeh
Okawaru
Qazlal
Ru
Sif Muna
Trog
Uskayaw
Vehumet
Wu Jian
Xom
Yredelemnul
Zin
The Shining One

Shops:
D:2 :   D:7 =*[


Innate Abilities, Weirdness & Mutations

You cannot be hasted, slowed, berserked, paralysed or teleported.
You can dig through walls and to a lower floor.
You have a pair of large antennae on your head. (SInv)
Your four strong arms can wield two-handed weapons with a shield.


Message History

You kill the troll!
The dead are walking!
You start resting.
A gnoll bouda comes into view. It is wielding a +0 club.
The gnoll bouda hits your troll zombie with a +0 club!
Your troll zombie bites the gnoll bouda!
Your troll zombie claws the gnoll bouda! x2
The gnoll bouda dies!
You are too injured to fight recklessly!
You are too injured to fight recklessly!
Magic restored.
You sense a monster nearby.
No target in view!
An acid dragon comes into view.
The acid dragon roars!
No target in view!
No target in view!
The acid dragon spits acid at you. The splash of acid hits you!!
* * * LOW HITPOINT WARNING * * *
The acid corrodes you!
You are too injured to fight recklessly!
You are too injured to fight recklessly!
The acid dragon bites you.
* * * LOW HITPOINT WARNING * * *
The acid dragon closely misses you.
You thump the acid dragon! You freeze the acid dragon.
The acid dragon is heavily wounded.
You closely miss the acid dragon.
The acid dragon is heavily wounded.
The acid dragon bites you!
* * * LOW HITPOINT WARNING * * *
The acid dragon claws you.
* * * LOW HITPOINT WARNING * * *
You closely miss the acid dragon.
The acid dragon is heavily wounded.
The acid dragon spits acid at you. The splash of acid hits you!!
You die...
Your body rises from the dead as a mindless zombie.

#...........>..#
#.##.#####..#####.#
##.... #..# # #.....
#..# #..... #.## #
#...#.#####.## #.
.#............## ..
.......Z.####..####.#.##
#.....@....))..........
#....D#Z...)).#########
#.....#.).....##..###..
#.....##.....##....#...
#..... ###.###.....#...
#.#...##........#.y....
#.....#)..).....#Wy#...
###...#..)###..##.y#...
##....##.#H..##..


You could see an acid dragon (catching breath, ally target) and 2 friendly troll
zombies.

Vanquished Creatures
  A centaur warrior (D:9)
  Lodul (D:10)
  Pikel (D:8)
  A gargoyle (D:10)
  2 trolls (D:9)
  A wraith (D:10)
  A shadow (D:9)
  Eustachio (D:4)
  A yak (D:8)
  2 steam dragons
  Menkaure (D:7)
  Duvessa (D:5)
  3 water moccasins
  2 orc warriors
  3 ice beasts
  5 black bears
  8 ogres
  6 centaurs
  A lemure (D:8)
  3 bullfrogs
  3 necrophages
  2 gnoll sergeants (D:7)
  2 scorpions (D:8)
  7 wights
  Dowan (D:5)
  16 killer bees
  3 electric eels (D:10)
  4 howler monkeys
  2 hounds
  2 jellies
  8 orc priests
  A gnoll bouda (D:7)
  Crazy Yiuf (D:3)
  2 iguanas (D:6)
  Terence (D:3)
  7 orc wizards
  Robin (D:3)
  9 adders
  17 gnolls
  An ufetubus (D:5)
  A worm (D:4)
  7 dart slugs
  39 orcs
  7 ball pythons
  4 endoplasms
  4 giant cockroaches
  8 hobgoblins
  3 jackals (D:4)
  7 kobolds
  6 quokkas
  9 bats (D:1)
  7 frilled lizards
  19 goblins
  5 rats
261 creatures vanquished.

Vanquished Creatures (collateral kills)
  A howler monkey (D:9)
  A gnoll bouda (D:9)
  2 gnolls (D:9)
  An orc (D:9)
5 creatures vanquished.

Vanquished Creatures (others)
  A centaur zombie (D:9)
  2 killer bee zombies (D:9)
  A spectral electric eel (D:10)
  2 howler monkey zombies (D:9)
  An orc zombie (D:9)
  14 fungi (D:8)
  21 plants
42 creatures vanquished.

Grand Total: 308 creatures vanquished

Notes
Turn   | Place    | Note
-------+----------+-------------------------------------------
     0 | D:1      | MisterFreud the Formicid Gladiator began the quest for the
                  | Orb.
     0 | D:1      | Reached XP level 1. HP: 16/16 MP: 1/1
   203 | D:1      | Reached XP level 2. HP: 23/23 MP: 2/2
   339 | D:1      | Found a faded altar of an unknown god.
   356 | D:1      | Reached XP level 3. HP: 21/28 MP: 3/3
  1014 | D:1      | Reached skill level 4 in Staves
  1361 | D:2      | Found Orphann's Book Shoppe.
  1601 | D:2      | Reached XP level 4. HP: 28/34 MP: 4/4
  1706 | D:2      | You fall into a shaft and drop 2 floors!
  1727 | D:4      | Reached skill level 5 in Staves
  1733 | D:4      | Identified the +2 robe "Misoeguo" {Dex+4 Slay+3}
  1819 | D:4      | Noticed a necrophage
  1838 | D:4      | Killed a necrophage
  1839 | D:4      | Reached XP level 5. HP: 31/39 MP: 5/5
  1994 | D:4      | Found a bloodstained altar of Trog.
  2083 | D:3      | Reached skill level 6 in Staves
  2083 | D:3      | Reached XP level 6. HP: 44/46 MP: 6/6
  2147 | D:3      | Noticed Robin
  2161 | D:3      | Killed Robin
  2362 | D:3      | Found a runed translucent door.
  2363 | D:3      | Noticed Crazy Yiuf
  3118 | D:3      | Noticed an ogre
  3137 | D:3      | Killed an ogre
  3138 | D:3      | Reached XP level 7. HP: 19/55 MP: 7/7
  3459 | D:3      | Noticed Terence
  3471 | D:3      | Killed Terence
  3472 | D:3      | Reached skill level 5 in Fighting
  3810 | D:3      | Killed Crazy Yiuf
  4146 | D:4      | Noticed Eustachio
  4161 | D:4      | Killed Eustachio
  4162 | D:4      | Reached skill level 1 in Armour
  4162 | D:4      | Reached skill level 1 in Evocations
  4562 | D:4      | Identified a scroll of acquirement
  4562 | D:4      | Acquired the amulet "Arraorejech" {Spirit rN+ Str+4 Int-3}
  4815 | D:5      | Entered Level 5 of the Dungeon
  4866 | D:5      | Reached XP level 8. HP: 48/62 MP: 5/8
  5593 | D:5      | Noticed Duvessa
  5595 | D:5      | Noticed Dowan
  5606 | D:5      | Killed Duvessa
  5607 | D:5      | Reached skill level 7 in Staves
  5617 | D:5      | Killed Dowan
  6788 | D:6      | Found a staircase to the Ecumenical Temple.
  6807 | Temple   | Entered the Ecumenical Temple
  6908 | D:6      | Reached XP level 9. HP: 63/68 MP: 7/9
  6936 | D:6      | Reached skill level 5 in Armour
  6936 | D:6      | Reached skill level 5 in Evocations
  6946 | D:6      | Reached skill level 8 in Staves
  7529 | D:6      | Reached skill level 9 in Staves
  7542 | D:6      | Found an ancient bone altar of Kikubaaqudgha.
  7542 | D:6      | Found a blossoming altar of Fedhas.
  7670 | D:7      | Found Hisaimul's General Store.
  7869 | D:7      | Reached skill level 1 in Shields
  7989 | D:7      | Found Negac's Armour Shoppe.
  8111 | D:7      | Found Duvunne's Jewellery Emporium.
  8203 | D:7      | Reached skill level 10 in Staves
  8461 | D:7      | Found a stormy altar of Qazlal.
  8490 | D:7      | Noticed Menkaure
  8500 | D:7      | Killed Menkaure
  8501 | D:7      | Reached XP level 10. HP: 29/76 MP: 4/10
  9396 | D:8      | Noticed Pikel
  9411 | D:8      | Killed Pikel
  9412 | D:8      | Reached skill level 10 in Fighting
  9472 | D:8      | Found a sacrificial altar of Ru.
  9540 | D:8      | Reached skill level 5 in Shields
  9946 | D:9      | Found a snail-covered altar of Cheibriados.
 10048 | D:9      | Noticed a manticore
 10054 | D:9      | You fall into a shaft and drop 1 floor!
 10054 | D:10     | Entered Level 10 of the Dungeon
 10336 | D:10     | Reached XP level 11. HP: 83/89 MP: 9/11
 10391 | D:10     | Noticed Lodul
 10401 | D:10     | Killed Lodul
 10431 | D:10     | Reached skill level 10 in Shields
 10919 | D:10     | Found a basalt altar of Yredelemnul.
 10942 | D:10     | Became a worshipper of Yredelemnul the Dark
 11316 | D:9      | Reached * piety under Yredelemnul
 11326 | D:9      | Reached ** piety under Yredelemnul
 11398 | D:9      | Noticed a centaur warrior
 11415 | D:9      | Killed a centaur warrior
 11416 | D:9      | Reached skill level 11 in Staves
 11503 | D:9      | Killed from afar by an acid dragon

Illustrated notes

Levels and vault maps discovered:
D:1:      lightli_arrival_flooded_house, layout_rooms,
          hellmonk_ecumenical_altar_leap_of_faith
D:2:      layout_basic, serial_shops, nicolae_shop_window_shopping
D:3:      wad_crossroads, layout_loops_ring, minmay_ogre_servants,
          uniq_crazy_yiuf_cottage, uniq_robin, uniq_terence
D:4:      layout_loops_ring, mainiacjoe_overflow_cross_hatched, serial_glass,
          glass_columns_c, glass_columns_a, serial_bayou_lagoon_a,
          grunt_decor_cap, nrook_mini_vaults, uniq_eustachio
D:5:      layout_layer_cave, uniq_duvessa
D:6:      layout_loops_ring, grunt_temple_overflow_growth_and_decay,
          minmay_temple_entry_stoned_glass, patterned_corridor
D:7:      layout_loops_ring, mainiacjoe_overflow_catwalk, serial_shops, shop,
          shop, nicolae_shop_crystal, uniq_menkaure
D:8:      layout_rooms, mainiacjoe_overflow_alcove_2,
          nicolae_ru_great_annihilating_truth, grunt_lair_entry_orc_guard_hut,
          roderic_roman_lattice, uniq_pikel
D:9:      minmay_curly_fans, layout_loops_ring, cheibrodos_worm_habitat
D:10:     cheibrodos_statue_roulette, layout_basic,
          mainiacjoe_overflow_alcove_1, grunt_gozag_breadcrumbs,
          makhleb_altar_promises_db, uniq_lodul
Temple:   nicolae_temple_ecumenical_triangle

Skill      XL: |  1  2  3  4  5  6  7  8  9 10 11 |
---------------+----------------------------------+-----
Staves         | 4 5 6 7 10 11 | 11.4
Fighting       | 4 5 10 | 10.0
Armour         | 2 4 5 |  5.0
Evocations     | 2 4 5 |  5.0
Shields        | 4 7 10 | 10.0
Throwing       | |  2.1
Dodging        | |  2.8

Action                   |  1- 3 |  4- 6 |  7- 9 | 10-12 || total
-------------------------+-------+-------+-------+-------++-------
Melee: Quarterstaff      |   119 |   104 |   262 |   236 ||   721
       Punch             |     1 |     2 |     1 |       ||     4
 Abil: Shaft Self        |       |       |       |     1 ||     1
Evoke: Wand              |       |       |       |     8 ||     8
  Use: Scroll            |     2 |     2 |    15 |     3 ||    22
 Stab: Sleeping          |     1 |     1 |     1 |       ||     3
       Distracted        |       |       |     1 |     1 ||     2
       Paralysed         |       |       |       |     1 ||     1
       Confused          |       |       |       |     1 ||     1
Armor: Leather armour    |    38 |     1 |       |       ||    39
       Robe              |       |    21 |    57 |    35 ||   113
Dodge: Dodged            |    96 |    52 |   126 |   129 ||   403
Block: Buckler           |       |       |    16 |    79 ||    95
